 Dungeon Crawl Stone Soup version 0.27.1-34-g3ba077fa99 (webtiles) character file.

Game seed: 14302604438437341761

15 cbfl8 the Sneak (level 2, -9/27 HPs)
             Began as a Minotaur Delver on Jan 14, 2022.
             Killed from afar by an orc wizard (10 damage)
             ... with a puff of flame
             ... on level 7 of the Dungeon.
             The game lasted 00:01:47 (533 turns).

cbfl8 the Sneak (Minotaur Delver)                    Turns: 533, Time: 00:01:47

Health: -9/27      AC:  3    Str: 16    XL:     2   Next: 34%
Magic:  1/1        EV: 11    Int:  7    God:
Gold:   11         SH:  0    Dex: 11    Spells: 1/1 levels left

rFire    . . .     SeeInvis .   i - +2 mace (holy)
rCold    . . .     Faith    .   (no shield)
rNeg     . . .     Spirit   .   b - +0 leather armour
rPois    .         Reflect  .   (helmet restricted)
rElec    .         Harm     .   (no cloak)
rCorr    .         Rampage  .   (no gloves)
Will     .....                  (no boots)
Stlth    ++........             (no amulet)
HPRegen  0.09/turn              (no ring)
MPRegen  0.07/turn              (no ring)

@: flying
A: horns 2, retaliatory headbutt
a: no special abilities


You were on level 7 of the Dungeon.
You visited 1 branch of the dungeon, and saw 3 of its levels.

You collected 11 gold pieces.

Inventory:

Hand Weapons
 a - a +0 hand axe
 i - a +2 mace of holy wrath (weapon)
Armour
 b - a +0 leather armour (worn)
Wands
 g - a wand of digging (3)
Scrolls
 c - a scroll of fog
 d - a scroll of magic mapping
 e - a scroll of fear


   Skills:
 + Level 3.8 Fighting
 + Level 2.5 Axes
 + Level 2.2 Dodging
 + Level 4.5 Stealth


You had one spell level left.
You didn't know any spells.
Your spell library was empty.

Dungeon Overview and Level Annotations

Branches:
Dungeon (7/15)             Temple (0/1) D:6

Altars:


Innate Abilities, Weirdness & Mutations

You have a pair of horns on your head.
You reflexively headbutt those who attack you in melee.


Message History

You completely miss the orc.
The orc is heavily wounded.
The orc closely misses you.
The orc wizard hits you with a +0 dagger.
The orc hits you but does no damage.
You hit the orc.
The orc is almost dead.
The orc wizard hits you with a +0 dagger.
The orc hits you with a +0 short sword.
The orc wizard hits you with a +0 dagger.
You closely miss the orc. Your headbutt misses the orc.
The orc is almost dead.
You feel less confused. The orc hits you with a +0 short sword.
* * * LOW HITPOINT WARNING * * *
The orc wizard points at you and mumbles some strange words.
You resist with significant effort.
You closely miss the orc. You headbutt the orc.
You kill the orc!
The orc wizard casts a spell at you. The puff of flame misses you.
The orc wizard hits you with a +0 dagger.
* * * LOW HITPOINT WARNING * * *
It was a potion of flight.
You feel very buoyant.
You fly up into the air.
The orc wizard barely misses you. You furiously retaliate!
You headbutt the orc wizard, but do no damage.
The orc wizard points at you and mumbles some strange words.
The puff of flame hits you.
* * * LOW HITPOINT WARNING * * *
You sock the orc wizard! You headbutt the orc wizard.
The orc wizard is severely wounded.
The orc wizard barely misses you. You furiously retaliate!
You headbutt the orc wizard. You barely miss the orc wizard.
The orc wizard is almost dead.
The orc wizard gestures at you while chanting.
The puff of flame hits you!
You die...

.........
.........
........#
#<......#
#.....<##
#hh..#..#
#... #.##
#.. ##.###
#. #@<..#
..
#o)......#
.
##.......#
.........
#........
........#
/......##
........


You could see an orc wizard.

Vanquished Creatures
  An adder (D:5)
  3 orcs
4 creatures vanquished.

Notes
Turn   | Place    | Note
-------+----------+-------------------------------------------
     0 | D:5      | cbfl8 the Minotaur Delver began the quest for the Orb.
     0 | D:5      | Reached XP level 1. HP: 19/19 MP: 0/0
    27 | D:5      | Reached XP level 2. HP: 9/27 MP: 1/1
   255 | D:5      | Noticed a water moccasin
   362 | D:6      | Noticed a necrophage
   380 | D:7      | Noticed a howler monkey
   380 | D:7      | Noticed a howler monkey
   520 | D:7      | Noticed an ogre
   522 | D:6      | Found a staircase to the Ecumenical Temple.
   531 | D:7      | HP: 1/27 [orc wizard/puff of flame (6)]
   533 | D:7      | Killed from afar by an orc wizard

Illustrated notes

Levels and vault maps discovered:
D:5:      layout_loops_corners, nicolae_wu_jian_immortal_techniques,
          uniq_duvessa, uniq_ijyb
D:6:      minmay_cornered_nines, layout_loops_ring,
          gammafunk_temple_overflow_claw, minmay_temple_entry_from_below_b,
          kennysheep_flooded_box
D:7:      layout_cave_pools, kiku_gazebo_garden_becter, chequers_mini_garden

Action                   || total
-------------------------++-------
Melee: Hand axe          ||     8
       Headbutt          ||     4
       Mace              ||     7
  Use: Potion            ||     3
Armor: Leather armour    ||     5
Dodge: Dodged            ||     9
